 Dungeon Crawl Stone Soup version 0.31.0 (webtiles) character file.

Game seed: 15324940156873075003

53 apoch the Chopper (level 3, -2/29 HPs)
             Began as a Demonspawn Fighter on Jan 20, 2024.
             Slain by an orc
             ... wielding a +0 morningstar
              (10 damage)
             ... on level 2 of the Dungeon.
             The game lasted 00:01:50 (875 turns).

apoch the Chopper (Demonspawn Fighter)               Turns: 875, Time: 00:01:51

Health: -2/29      AC:  8    Str: 18    XL:     3   Next: 64%
Magic:  3/3        EV:  9    Int:  8    God:
Gold:   53         SH:  4    Dex: 12    Spells: 2/2 levels left

rFire   . . .        a - +0 war axe
rCold   . . .        c - +0 buckler
rNeg    . . .        b - +0 scale mail
rPois   .            (no helmet)
rElec   .            (no cloak)
rCorr   .            (no gloves)
SInv    .            (no boots)
Will    .....        (no amulet) Stlth
                     (no ring)
HPRegen 0.24/turn    (no ring)
MPRegen 0.16/turn

%: no passive effects
@: no status effects
A: molten scales 1, magic regeneration
a: no special abilities


You were on level 2 of the Dungeon.
You visited 1 branch of the dungeon, and saw 2 of its levels.

You collected 53 gold pieces.

Inventory:

Hand Weapons
 a - a +0 war axe (weapon)
Armour
 b - a +0 scale mail (worn)
 c - a +0 buckler (worn)
Scrolls
 e - 5 scrolls of teleportation {unknown}
 f - 2 scrolls of identify {unknown}
 g - a scroll of fog {unknown}
Potions
 d - a potion of might


   Skills:
 - Level 3.0 Fighting
 + Level 3.7 Axes
 - Level 2.6 Armour
 - Level 2.6 Shields


You had 2 spell levels left.
You didn't know any spells.
Your spell library was empty.

Dungeon Overview and Level Annotations

Branches:
Dungeon (2/15)

Altars:


Innate Abilities, Weirdness & Mutations

You are partially covered in molten scales. (AC +2)
You regenerate magic rapidly.


Message History

You hit the orc but do no damage.
An orc and an orc wizard come into view.
The orc wizard shouts!
You block the orc's attack. You block the orc wizard's attack.
Unknown command.
You hit the orc but do no damage. You hit the orc wizard.
The orc wizard gestures at you while chanting.
The puff of flame misses you. The orc closely misses you.
You hit the orc but do no damage. You barely miss the orc wizard.
The orc wizard closely misses you. The orc hits you with a +0 mace.
The orc wizard hits you with a +0 dagger.
The orc hits you but does no damage. You block the orc's attack.
You hit the orc.
The orc is lightly wounded.
You hit the orc wizard. You closely miss the orc.
The orc wizard points at you and mumbles some strange words.
The puff of flame hits you. The orc barely misses you.
The orc hits you with a +0 morningstar!
You barely miss the orc.
The orc is lightly wounded.
You barely miss the orc wizard. You hit the orc.
The orc wizard barely misses you. The orc barely misses you.
The orc hits you with a +0 morningstar!
* * * LOW HITPOINT WARNING * * *
You slash the orc!
You kill the orc!
You closely miss the orc wizard. You closely miss the orc.
The orc wizard hits you but does no damage.
The orc hits you but does no damage.
The orc wizard hits you but does no damage.
The orc barely misses you.
You closely miss the orc.
The orc is moderately wounded.
You hit the orc wizard.
You kill the orc wizard!
You block the orc's attack.
You closely miss the orc.
The orc is moderately wounded.
The orc hits you with a +0 morningstar!
You die...

#..<#.##.#####
#.#.#.##)#
#.###.##.#
#.....##.#######
########.#.....
#.#.... #.#..#
######.#).##.##
.......)@o...>..
#######.#####.##
#.. ###


You could see an orc.

Vanquished Creatures
  An orc wizard (D:2)
  An adder (D:2)
  2 orcs (D:2)
  4 bats (D:1)
  An endoplasm (D:1)
  3 goblins (D:1)
  2 hobgoblins (D:1)
  A quokka (D:1)
  A ball python (D:1)
  A kobold (D:1)
  2 rats (D:1)
19 creatures vanquished.

Notes
Turn   | Place    | Note
-------+----------+-------------------------------------------
     0 | D:1      | apoch the Demonspawn Fighter began the quest for the Orb.
     0 | D:1      | Reached XP level 1. HP: 18/18 MP: 1/1
   220 | D:1      | Gained mutation: You are partially covered in molten
                  | scales. (AC +2) [demonic ancestry]
   220 | D:1      | Reached XP level 2. HP: 24/24 MP: 2/2
   855 | D:2      | Gained mutation: You regenerate magic rapidly. [demonic
                  | ancestry]
   855 | D:2      | Reached XP level 3. HP: 27/29 MP: 3/3
   875 | D:2      | Slain by an orc

Illustrated notes

Levels and vault maps discovered:
D:1:      lightli_arrival_statue_moat, layout_basic, minmay_misc_feat_diagonals
D:2:      layout_basic

Skill      XL: |  1  2 |
---------------+-------+-----
Axes           | 2 3 |  3.7
Fighting       | |  3.0
Armour         | |  2.6
Shields        | |  2.6

Action                     || total
---------------------------++-------
  Melee: War axe           ||    76
 Armour: Scale mail        ||    67
  Dodge: Dodged            ||    44
  Block: Buckler           ||    24
